| TOP OF THE 1ST |
|
Helena Brewers batting - Pitching for Washington (APP) Nationals : LHP Sean Carr
|
|
Pitching: LHP Sean Carr
|
|
|
Batting: SHB Robert Sayer
|
0-0: Ball 1-0: Ball 2-0: Called Strike 2-1: TRIPLE (Flyball, 78XD, EV 92.5 MPH)
|
|
Batting: SHB Craig Wright
|
0-0: Ball 1-0: Called Strike 1-1: SINGLE (Groundball, 6D, EV 108.1 MPH) Robert Sayer scores
|
|
Batting: LHB Gabe Harvey
|
0-0: Foul Ball, location: 2F 0-1: Called Strike 0-2: Strikes out looking
|
|
Batting: RHB Josh Nelson
|
0-0: SINGLE (Groundball, 56D, EV 96.9 MPH) Craig Wright to second
|
|
Batting: RHB Jonathan Sarles
|
0-0: Fly out, F5 (Line Drive, 5, EV 65.6 MPH)
|
|
Batting: RHB Ben Taylor
|
0-0: Ball Wild Pitch! Craig Wright to third Josh Nelson to second 1-0: Fly out, F8 (Flyball, 78M, EV 83.8 MPH)
|
| Top of the 1st over - 1 run, 3 hits, 0 errors, 2 left on base; Helena 1 - Washington (APP) 0 |
| BOTTOM OF THE 1ST |
|
Washington (APP) Nationals batting - Pitching for Helena Brewers : LHP Paul Schumacher
|
|
Pitching: LHP Paul Schumacher
|
|
|
Batting: RHB Jim Miske
|
0-0: Called Strike 0-1: Ball 1-1: Ground out 6-3 (Groundball, 6, EV 103.8 MPH)
|
|
Batting: RHB Derek Moran
|
0-0: Swinging Strike 0-1: Ball 1-1: Called Strike 1-2: Ball 2-2: Foul Ball, location: 2F 2-2: Ball 3-2: Strikes out swinging
|
|
Batting: LHB Nate Melendez
|
0-0: Ball 1-0: Ball 2-0: Called Strike 2-1: Fly out, F7 (Flyball, 7S, EV 78.8 MPH)
|
| Bottom of the 1st over - 0 runs, 0 hits, 0 errors, 0 left on base; Helena 1 - Washington (APP) 0 |
| TOP OF THE 2ND |
|
Helena Brewers batting - Pitching for Washington (APP) Nationals : LHP Sean Carr
|
|
Batting: RHB Dustin Hartman
|
0-0: Called Strike 0-1: DOUBLE (Flyball, 8LD, EV 104.4 MPH)
|
|
Batting: RHB Brad Wren
|
0-0: Ball 1-0: Foul Ball, location: 2F 1-1: Ball 2-1: Ball 3-1: Base on Balls
|
|
Batting: SHB David Lass
|
0-0: Fielders Choice at 2nd, 6-4 (Groundball, 6, EV 90.6 MPH) Dustin Hartman to third
|
|
Batting: SHB Robert Sayer
|
0-0: Ball David Lass steals 2nd base 1-0: Foul Ball, location: 2F 1-1: Ball 2-1: Ball 3-1: Base on Balls
|
|
Batting: SHB Craig Wright
|
0-0: Called Strike 0-1: Ball 1-1: Ball 2-1: Foul Ball, location: 2F 2-2: Strikes out swinging
|
|
Batting: LHB Gabe Harvey
|
0-0: Ground out 4-3 (Groundball, 4, EV 86.3 MPH)
|
| Top of the 2nd over - 0 runs, 1 hit, 0 errors, 3 left on base; Helena 1 - Washington (APP) 0 |
| BOTTOM OF THE 2ND |
|
Washington (APP) Nationals batting - Pitching for Helena Brewers : LHP Paul Schumacher
|
|
Batting: RHB Nick Moreno
|
0-0: Called Strike 0-1: Ground out 6-3 (Groundball, 6, EV 80.0 MPH)
|
|
Batting: RHB Jon Buscher
|
0-0: Reached on error, E2 (Groundball, 13S, EV 73.1 MPH)
|
|
Batting: RHB Steve Bauman
|
0-0: Swinging Strike 0-1: Ball 1-1: Foul Ball, location: 2F 1-2: Strikes out looking
|
|
Batting: RHB Jesus Malave
|
0-0: Called Strike 0-1: Foul Ball, location: 2F 0-2: Strikes out swinging
|
| Bottom of the 2nd over - 0 runs, 0 hits, 1 error, 1 left on base; Helena 1 - Washington (APP) 0 |
| TOP OF THE 3RD |
|
Helena Brewers batting - Pitching for Washington (APP) Nationals : LHP Sean Carr
|
|
Batting: RHB Josh Nelson
|
0-0: Foul Ball, location: 2F 0-1: Ball 1-1: Swinging Strike 1-2: Ball 2-2: Foul Ball, location: 2F 2-2: Strikes out swinging
|
|
Batting: RHB Jonathan Sarles
|
0-0: Foul Ball, location: 2F 0-1: Ground out 6-3 (Groundball, 6M, EV 87.5 MPH)
|
|
Batting: RHB Ben Taylor
|
0-0: Fly out, F4 (Popup, 34, EV 72.5 MPH)
|
| Top of the 3rd over - 0 runs, 0 hits, 0 errors, 0 left on base; Helena 1 - Washington (APP) 0 |
| BOTTOM OF THE 3RD |
|
Washington (APP) Nationals batting - Pitching for Helena Brewers : LHP Paul Schumacher
|
|
Batting: RHB Alex Blanco
|
0-0: Ball 1-0: Ball 2-0: Ground out 6-3 (Groundball, 6, EV 85.6 MPH)
|
|
Batting: RHB Brian Walker
|
0-0: Ground out 6-3 (Groundball, 6D, EV 100.0 MPH)
|
|
Batting: RHB Jim Miske
|
0-0: Ball 1-0: Ground out 4-3 (Groundball, 13, EV 90.0 MPH)
|
| Bottom of the 3rd over - 0 runs, 0 hits, 0 errors, 0 left on base; Helena 1 - Washington (APP) 0 |
| TOP OF THE 4TH |
|
Helena Brewers batting - Pitching for Washington (APP) Nationals : LHP Sean Carr
|
|
Batting: RHB Dustin Hartman
|
0-0: Swinging Strike 0-1: Called Strike 0-2: Ball 1-2: Ball 2-2: Strikes out swinging
|
|
Batting: RHB Brad Wren
|
0-0: Called Strike 0-1: Ground out U3 (Groundball, 3L, EV 78.8 MPH)
|
|
Batting: SHB David Lass
|
0-0: Ball 1-0: Called Strike 1-1: DOUBLE (Groundball, 5L, EV 107.5 MPH)
|
|
Batting: SHB Robert Sayer
|
0-0: Called Strike 0-1: Foul Ball, location: 2F 0-2: Foul Ball, location: 2F 0-2: Ball 1-2: Ball 2-2: Fly out, F6 (Line Drive, 6, EV 71.9 MPH)
|
| Top of the 4th over - 0 runs, 1 hit, 0 errors, 1 left on base; Helena 1 - Washington (APP) 0 |
| BOTTOM OF THE 4TH |
|
Washington (APP) Nationals batting - Pitching for Helena Brewers : LHP Paul Schumacher
|
|
Batting: RHB Derek Moran
|
0-0: Foul Ball, location: 2F 0-1: Fly out, F9 (Line Drive, 9, EV 97.5 MPH)
|
|
Batting: LHB Nate Melendez
|
0-0: Called Strike 0-1: Fly out, F7 (Line Drive, 7, EV 84.4 MPH)
|
|
Batting: RHB Nick Moreno
|
0-0: Ball 1-0: Foul Ball, location: 2F 1-1: Hit by Pitch
|
|
Batting: RHB Jon Buscher
|
0-0: Ball Nick Moreno steals 2nd base 1-0: Foul Ball, location: 2F 1-1: Ball 2-1: Called Strike 2-2: Ground out 4-3 (Groundball, 4, EV 88.1 MPH)
|
| Bottom of the 4th over - 0 runs, 0 hits, 0 errors, 1 left on base; Helena 1 - Washington (APP) 0 |
| TOP OF THE 5TH |
|
Helena Brewers batting - Pitching for Washington (APP) Nationals : LHP Sean Carr
|
|
Batting: SHB Craig Wright
|
0-0: SINGLE (Groundball, 56D, EV 96.9 MPH)
|
|
Batting: LHB Gabe Harvey
|
0-0: Foul Ball, location: 2F 0-1: Reached on error, E4 (Groundball, 4, EV 85.6 MPH) Craig Wright to second
|
|
Batting: RHB Josh Nelson
|
0-0: Called Strike 0-1: Called Strike 0-2: Ball 1-2: Strikes out swinging
|
|
Batting: RHB Jonathan Sarles
|
0-0: Foul Ball, location: 2F 0-1: Called Strike 0-2: Ground out U3 (Groundball, 3S, EV 65.6 MPH) Craig Wright to third Gabe Harvey to second
|
|
Batting: RHB Ben Taylor
|
0-0: Called Strike 0-1: Ball 1-1: Ball 2-1: SINGLE (Groundball, 56D, EV 96.9 MPH) Craig Wright scores Gabe Harvey to third Runner from 3rd tries for Home, throw by LF and OUT! 7-2
|
| Top of the 5th over - 1 run, 2 hits, 1 error, 1 left on base; Helena 2 - Washington (APP) 0 |
| BOTTOM OF THE 5TH |
|
Washington (APP) Nationals batting - Pitching for Helena Brewers : LHP Paul Schumacher
|
|
Batting: RHB Steve Bauman
|
0-0: Ball 1-0: Fly out, F5 (Flyball, 5D, EV 90.6 MPH)
|
|
Batting: RHB Jesus Malave
|
0-0: Called Strike 0-1: Ball 1-1: Ball 2-1: Swinging Strike 2-2: Strikes out swinging
|
|
Batting: RHB Alex Blanco
|
0-0: Ball 1-0: Ground out U3 (Groundball, 3, EV 85.0 MPH)
|
| Bottom of the 5th over - 0 runs, 0 hits, 0 errors, 0 left on base; Helena 2 - Washington (APP) 0 |
| TOP OF THE 6TH |
|
Helena Brewers batting - Pitching for Washington (APP) Nationals : LHP Sean Carr
|
|
Batting: RHB Dustin Hartman
|
0-0: Called Strike 0-1: Foul Ball, location: 2F 0-2: Fly out, F9 (Flyball, 9LM, EV 85.6 MPH)
|
|
Pitching: RHP Chris Bonham
|
|
|
Batting: RHB Brad Wren
|
0-0: Ball 1-0: Ball 2-0: Called Strike 2-1: Swinging Strike 2-2: Foul Ball, location: 2F 2-2: Ball 3-2: Strikes out swinging
|
|
Batting: SHB David Lass
|
0-0: Ball 1-0: Called Strike 1-1: Called Strike 1-2: Foul Ball, location: 2F 1-2: Foul Ball, location: 2F 1-2: Ball 2-2: Strikes out swinging
|
| Top of the 6th over - 0 runs, 0 hits, 0 errors, 0 left on base; Helena 2 - Washington (APP) 0 |
| BOTTOM OF THE 6TH |
|
Washington (APP) Nationals batting - Pitching for Helena Brewers : LHP Paul Schumacher
|
|
Batting: RHB Brian Walker
|
0-0: Called Strike 0-1: Called Strike 0-2: Ball 1-2: Ground out 1-3 (Groundball, 13S, EV 68.8 MPH)
|
|
Batting: RHB Jim Miske
|
0-0: Ball 1-0: Swinging Strike 1-1: Called Strike 1-2: SINGLE (Line Drive, 6D, EV 103.8 MPH)
|
|
Batting: RHB Derek Moran
|
0-0: Called Strike 0-1: Ball 1-1: Ball 2-1: Ground out 4-3 (Groundball, 4S, EV 71.9 MPH) Jim Miske to second
|
|
Batting: LHB Nate Melendez
|
0-0: Called Strike 0-1: Foul Ball, location: 2F 0-2: Ball 1-2: Ball 2-2: Foul Ball, location: 2F 2-2: SINGLE (Line Drive, 7S, EV 101.9 MPH) Jim Miske to third Runner from 3rd tries for Home, throw by LF and OUT! 7-2
|
| Bottom of the 6th over - 0 runs, 2 hits, 0 errors, 1 left on base; Helena 2 - Washington (APP) 0 |
| TOP OF THE 7TH |
|
Helena Brewers batting - Pitching for Washington (APP) Nationals : RHP Chris Bonham
|
|
Pitching: RHP Ivano Galikov
|
|
|
Batting: SHB Robert Sayer
|
0-0: Called Strike 0-1: Ball 1-1: Swinging Strike 1-2: Ball 2-2: Ground out 1-3 (Groundball, 13S, EV 67.5 MPH)
|
|
Batting: SHB Craig Wright
|
0-0: Called Strike 0-1: Swinging Strike 0-2: Ball 1-2: Fly out, F9 (Line Drive, 9S, EV 95.6 MPH)
|
|
Batting: LHB Gabe Harvey
|
0-0: Ball 1-0: Ball 2-0: Foul Ball, location: 2F 2-1: Ground out 6-3 (Groundball, 56, EV 81.3 MPH)
|
| Top of the 7th over - 0 runs, 0 hits, 0 errors, 0 left on base; Helena 2 - Washington (APP) 0 |
| BOTTOM OF THE 7TH |
|
Washington (APP) Nationals batting - Pitching for Helena Brewers : LHP Paul Schumacher
|
|
Batting: RHB Nick Moreno
|
0-0: Foul Ball, location: 2F 0-1: Ball 1-1: Foul Ball, location: 2F 1-2: Strikes out swinging
|
|
Batting: RHB Jon Buscher
|
0-0: Swinging Strike 0-1: Ball 1-1: Ball 2-1: Swinging Strike 2-2: Foul Ball, location: 2F 2-2: Foul Ball, location: 2F 2-2: Ground out 5-3 (Groundball, 5, EV 107.5 MPH)
|
|
Batting: RHB Steve Bauman
|
0-0: Ball 1-0: Ball 2-0: Ball 3-0: Base on Balls
|
|
Pitching: RHP Addick Huiberts
|
|
|
Batting: RHB Jesus Malave
|
0-0: Fielders Choice at 2nd, 5-4 (Groundball, 56, EV 86.3 MPH)
|
| Bottom of the 7th over - 0 runs, 0 hits, 0 errors, 1 left on base; Helena 2 - Washington (APP) 0 |
| TOP OF THE 8TH |
|
Helena Brewers batting - Pitching for Washington (APP) Nationals : RHP Ivano Galikov
|
|
Pitching: RHP Brian Walker
|
|
|
Batting: RHB Josh Nelson
|
0-0: Ball 1-0: Foul Ball, location: 2F 1-1: Called Strike 1-2: Ball 2-2: Strikes out swinging
|
|
Batting: RHB Jonathan Sarles
|
0-0: Called Strike 0-1: Ball 1-1: Ball 2-1: Foul Ball, location: 2F 2-2: Ball 3-2: Base on Balls
|
|
Batting: RHB Ben Taylor
|
0-0: Ball 1-0: Foul Ball, location: 2F 1-1: Swinging Strike 1-2: Ball 2-2: Foul Ball, location: 2F 2-2: Foul Ball, location: 2F 2-2: Strikes out looking
|
|
Batting: RHB Dustin Hartman
|
0-0: Ball 1-0: Swinging Strike 1-1: Ball 2-1: Swinging Strike 2-2: Foul Ball, location: 2F 2-2: Foul Ball, location: 2F 2-2: Strikes out swinging
|
| Top of the 8th over - 0 runs, 0 hits, 0 errors, 1 left on base; Helena 2 - Washington (APP) 0 |
| BOTTOM OF THE 8TH |
|
Washington (APP) Nationals batting - Pitching for Helena Brewers : RHP Addick Huiberts
|
|
Now in LF: Pablo Cardona
|
|
|
Batting: RHB Alex Blanco
|
0-0: Ball 1-0: Foul Ball, location: 2F 1-1: Ball 2-1: Ground out U3 (Groundball, 3, EV 83.8 MPH)
|
|
Batting: RHB Brian Walker
|
0-0: Called Strike 0-1: Ball 1-1: Ball 2-1: Fly out, F7 (Flyball, 7LM, EV 73.8 MPH)
|
|
Batting: RHB Jim Miske
|
0-0: Ball 1-0: Ball 2-0: Ball 3-0: Base on Balls
|
|
Batting: RHB Derek Moran
|
0-0: Ball 1-0: Foul Ball, location: 2F 1-1: Swinging Strike 1-2: Fly out, F9 (Line Drive, 9, EV 91.9 MPH)
|
| Bottom of the 8th over - 0 runs, 0 hits, 0 errors, 1 left on base; Helena 2 - Washington (APP) 0 |
| TOP OF THE 9TH |
|
Helena Brewers batting - Pitching for Washington (APP) Nationals : RHP Brian Walker
|
|
Pitching: LHP Mike Montgomery
|
|
|
Batting: RHB Brad Wren
|
0-0: SINGLE (Line Drive, 89S, EV 97.5 MPH)
|
|
Batting: SHB David Lass
|
0-0: Ball 1-0: Ball 2-0: Ball 3-0: Called Strike 3-1: Base on Balls Brad Wren to second
|
|
Batting: SHB Robert Sayer
|
0-0: Ball 1-0: Sac Bunt to 15S - play at first, batter OUT! 1-4 Brad Wren to third David Lass to second
|
|
Batting: SHB Craig Wright
|
0-0: Called Strike 0-1: Foul Ball, location: 2F 0-2: Ball 1-2: Foul Ball, location: 2F 1-2: Ground out 4-3 (Groundball, 4S, EV 85.6 MPH) Brad Wren scores David Lass to third
|
|
Batting: LHB Gabe Harvey
|
0-0: Intentional Walk
|
|
Batting: LHB Pablo Cardona
|
0-0: Called Strike 0-1: Ball 1-1: Swinging Strike 1-2: Strikes out swinging
|
| Top of the 9th over - 1 run, 1 hit, 0 errors, 2 left on base; Helena 3 - Washington (APP) 0 |
| BOTTOM OF THE 9TH |
|
Washington (APP) Nationals batting - Pitching for Helena Brewers : RHP Addick Huiberts
|
|
Pitching: RHP Allen Gans
|
|
|
Batting: LHB Nate Melendez
|
0-0: Ball 1-0: Ball 2-0: Called Strike 2-1: Fly out, F8 (Flyball, 8LM, EV 89.4 MPH)
|
|
Batting: RHB Nick Moreno
|
0-0: Ball 1-0: Swinging Strike 1-1: Ball 2-1: Ball 3-1: Called Strike 3-2: Fly out, F9 (Flyball, 9, EV 88.1 MPH)
|
|
Batting: RHB Jon Buscher
|
0-0: Foul Ball, location: 2F 0-1: Ball 1-1: Ball 2-1: Foul Ball, location: 2F 2-2: Ball 3-2: Base on Balls
|
|
Batting: RHB Steve Bauman
|
0-0: Fielders Choice at 2nd, U4 (Groundball, 4M, EV 80.6 MPH)
|
| Bottom of the 9th over - 0 runs, 0 hits, 0 errors, 1 left on base; Helena 3 - Washington (APP) 0 |
|